 Dungeon Crawl Stone Soup version 0.28-a0-1524-ge72afd5fc6 (webtiles) character file.

Game seed: 17942535534117401744

58 Sabo the Firebug (level 4, 0/24 HPs)
             Began as a Gargoyle Fire Elementalist on Jan 17, 2022.
             Slain by Natasha (7 damage)
             ... on level 2 of the Dungeon.
             The game lasted 00:09:38 (2226 turns).

Sabo the Firebug (Gargoyle Fire Elementalist)       Turns: 2226, Time: 00:09:39

Health: 0/24       AC:  5    Str: 12    XL:     4   Next: 2%
Magic:  6/7        EV: 12    Int: 17    God:
Gold:   24         SH:  0    Dex: 10    Spells: 7/8 levels left

rFire   . . .      SeeInvis .   e - +0 short sword
rCold   . . .      Faith    .   (no shield)
rNeg    + . .      Spirit   .   a - +0 robe
rPois   ∞          Reflect  .   (no helmet)
rElec   +          Harm     .   (no cloak)
rCorr   .          Rampage  .   (no gloves)
Will    .....                   (no boots)
Stlth   ++........              (no amulet)
HPRegen 0.08/turn               (no ring)
MPRegen 0.10/turn               (no ring)

@: slowed, very slow
A: sickness immunity, AC +3, negative energy resistance 1, electricity
resistance, torment resistance 1, petrification resistance
a: no special abilities


You were on level 2 of the Dungeon.
You visited 1 branch of the dungeon, and saw 2 of its levels.

You collected 24 gold pieces.

Inventory:

Hand Weapons
 e - a +0 short sword (weapon)
Missiles
 i - 55 bolts
Armour
 a - a +0 robe (worn)
Scrolls
 b - a scroll of silence {unknown}
 d - a scroll of identify {unknown}
 g - a scroll of enchant armour {unknown}
 h - a scroll of amnesia {unknown}
 l - a scroll of teleportation {unknown}
 m - a scroll of enchant weapon {unknown}
Potions
 c - a potion of attraction {unknown}
 f - a potion of degeneration {unknown}
 j - a potion of mutation {unknown}
 k - a potion of flight {unknown}


   Skills:
 + Level 2.0 Dodging
 + Level 2.5 Stealth
 + Level 0.8 Unarmed Combat
 + Level 2.5 Spellcasting
 + Level 1.7 Conjurations
 + Level 3.4 Fire Magic


You had 7 spell levels left.
You knew the following spells:

 Your Spells              Type           Power      Damage    Failure   Level
a - Foxfire               Conj/Fire      40%        2x1d6     6%          1

Your spell library contained the following spells:

 Spells                   Type           Power      Damage    Failure   Level
 Scorch                   Fire           26%        2d6       7%          2
 Conjure Flame            Conj/Fire      10%        6-21      19%         3
 Inner Flame              Hex/Fire       8%         N/A       26%         3
 Flame Wave               Conj/Fire      10%        2d5       54%         4


Dungeon Overview and Level Annotations

Branches:
Dungeon (2/15)

Altars:

Annotations:
D:2 Natasha


Innate Abilities, Weirdness & Mutations

You are immune to sickness and miasma.
Your stone body is resilient. (AC +3)
You are immune to poison.
You resist negative energy. (rN+)
You are resistant to electric shocks. (rElec)
You are resistant to unholy torment.
You are immune to petrification.


Message History

A rat comes into view.
There is a stone staircase leading up here.
The helpless rat fails to defend itself.
You puncture the rat!
You kill the rat!
Natasha, Servant of Life and Death comes into view.
A goblin comes into view. It is wielding a +1 dagger of venom.
Natasha hisses angrily.
Natasha stares at you and mumbles some strange words.
You feel yourself slow down. Natasha casts a spell at you.
The magic dart hits you! Natasha casts a spell at you.
You resist with some effort.
You hit Natasha.
Natasha is lightly wounded.
Natasha casts a spell at you. The magic dart hits you.
Casting: Foxfire (safe; 6% risk of failure)
Confirm with . or Enter, or press ? or * to list all spells.
You conjure some foxfire!
Natasha casts a spell.
Natasha claws you.
Your foxfire dissipates!
Natasha claws you.
Casting: Foxfire (safe; 6% risk of failure)
Confirm with . or Enter, or press ? or * to list all spells.
You conjure some foxfire!
Natasha claws you but does no damage.
Your foxfire dissipates!
Natasha claws you.
* * * LOW HITPOINT WARNING * * *
Natasha casts a spell at you. You resist with some effort.
Natasha stares at you and mumbles some strange words.
You feel as though you will be slow longer.
The crimson imp blinks!
Natasha claws you but does no damage.
You hit Natasha but do no damage.
Natasha is lightly wounded.
Natasha claws you!
You die...

#...# ##5..#
#....#...
#....g...
#.#.#.... #.#
.##.# #§# ##.# #h#
#.# ##### #@# #.#
... #.# #.#
##.#.##
#.#####.####.###..
#.............#.##
##############.##
###


You could see Natasha and a crimson imp (summoned).

Vanquished Creatures
  An adder (D:2)
  A worm (D:2)
  3 dart slugs (D:1)
  A ball python (D:1)
  3 bats
  8 endoplasms
  2 goblins (D:1)
  5 hobgoblins (D:1)
  5 kobolds
  2 quokkas (D:2)
  2 frilled lizards (D:1)
  2 rats (D:2)
35 creatures vanquished.

Vanquished Creatures (others)
  70 foxfires
70 creatures vanquished.

Grand Total: 105 creatures vanquished

Notes
Turn   | Place    | Note
-------+----------+-------------------------------------------
     0 | D:1      | Sabo the Gargoyle Fire Elementalist began the quest for the
                  | Orb.
     0 | D:1      | Reached XP level 1. HP: 10/10 MP: 3/3
   278 | D:1      | Reached XP level 2. HP: 15/15 MP: 1/5
   762 | D:1      | Reached XP level 3. HP: 13/19 MP: 4/6
  1932 | D:2      | Reached XP level 4. HP: 4/24 MP: 2/7
  2211 | D:2      | Noticed Natasha
  2226 | D:2      | Slain by Natasha

Illustrated notes

Levels and vault maps discovered:
D:1:      nagdon_arrival_zigzag_paths, layout_basic
D:2:      layout_loops_ring, uniq_natasha

Skill      XL: |  1  2  3 |
---------------+----------+-----
Dodging        | 2 |  2.0
Stealth        | |  2.5
Unarmed Combat | |  0.8
Spellcasting   | |  2.5
Conjurations   | |  1.7
Fire Magic     | |  3.4

Action                   |  1- 3 |  4- 6 || total
-------------------------+-------+-------++-------
Melee: Unarmed           |    11 |       ||    11
       Dagger            |    26 |       ||    26
       Short sword       |    43 |     3 ||    46
 Cast: Foxfire           |    45 |     2 ||    47
 Stab: Sleeping          |       |     1 ||     1
Armor: Robe              |    38 |     2 ||    40
Dodge: Dodged            |    88 |       ||    88

Table legend: (Time is in decaauts)
 A = Elapsed time spent in this place.
 B = Non-inter-level travel time spent in this place.
 C = Inter-level travel time spent in this place.
 D = Time resting spent in this place.
 E = Time spent auto-exploring this place.
 F = Levels seen in this place.
 G = Mean time per level.
                   A        B        C        D        E       F      G
               +--------+--------+--------+--------+--------+-----+--------+
         Total |   2234 |   2234 |      0 |   1124 |      0 |   2 | 1117.0 |
       Dungeon |   2234 |   2234 |      0 |   1124 |      0 |   2 | 1117.0 |
               +--------+--------+--------+--------+--------+-----+--------+

Top non-repeatable levels by time:
     D:1: 1167 daAuts
     D:2: 1067 daAuts
